 Dungeon Crawl Stone Soup version 0.30-a0-297-g0ec75d9ef4 (webtiles) character file.

Game seed: 17389340247419916804

2 Iusername the Shield-Bearer (level 1, -2/20 HPs)
             Began as a Minotaur Fighter on Oct 18, 2022.
             Succumbed to a goblin's poison
             ... on level 1 of the Dungeon.
             The game lasted 00:00:07 (98 turns).

Iusername the Shield-Bearer (Minotaur Fighter)        Turns: 98, Time: 00:00:08

Health: -2/20      AC:  6    Str: 20    XL:     1   Next: 33%
Magic:  0/0        EV:  9    Int:  5    God:
Gold:   9          SH:  4    Dex:  9    Spells: 0/0 levels left

rFire   . . .      SeeInvis .    a - +0 war axe
rCold   . . .      Faith    .    c - +0 buckler
rNeg    . . .      Spirit   .    b - +0 scale mail
rPois   .          Reflect  .    (helmet restricted)
rElec   .          Harm     .    (no cloak)
rCorr   .          Rampage  .    (no gloves)
Will    .....                    (no boots)
Stlth   ..........               (no amulet)
HPRegen 0.23/turn                (no ring)
MPRegen 0.07/turn                (no ring)

@: lethally poisoned (-2 -> -25)
A: horns 2, retaliatory headbutt
a: no special abilities


You were on level 1 of the Dungeon.
You visited 1 branch of the dungeon, and saw 1 of its levels.

You collected 9 gold pieces.

Inventory:

Hand Weapons
 a - a +0 war axe (weapon)
Armour
 b - a +0 scale mail (worn)
 c - a +0 buckler (worn)
Scrolls
 e - a scroll of fear {unknown}
Potions
 d - a potion of might


   Skills:
 + Level 3.6 Fighting
 + Level 2.5 Axes
 + Level 3.6 Armour
 + Level 3.7 Shields


You couldn't memorise any spells.
You didn't know any spells.
Your spell library was empty.

Dungeon Overview and Level Annotations

Branches:
Dungeon (1/15)

Altars:


Innate Abilities, Weirdness & Mutations

You have a pair of horns on your head.
You reflexively headbutt those who attack you in melee.


Message History

A ball python is nearby!
You slash the ball python!
You kill the ball python!
No target in view!
Found 3 stones.
e - a scroll labelled JEANGE KAHOQAO No target in view!
You now have 9 gold pieces.
You see here 3 stones.
A bat comes into view.
A goblin comes into view. It is wielding a +2 dagger of venom.
The goblin shouts!
The bat hits you but does no damage.
There are monsters nearby!
You hit the goblin.
The goblin is severely wounded.
You miss the bat. The bat hits you but does no damage.
The goblin hits you but does no damage.
You are poisoned.
The bat hits you but does no damage. The goblin hits you but does no damage.
There are monsters nearby!
You barely miss the goblin.
The goblin is severely wounded.
You miss the bat.
You feel very sick. The bat closely misses you. You furiously retaliate!
You headbutt the bat!
You kill the bat!
The goblin hits you but does no damage.
You are lethally poisoned!
You closely miss the goblin.
The goblin is severely wounded.
You feel very sick. You block the goblin's attack.
The goblin hits you with a +2 dagger of venom.
* * * LOW HITPOINT WARNING * * *
You are more poisoned.
Okay, then.
You barely miss the goblin.
The goblin is severely wounded.
You die...

#.####...##
##.....#
...###..##
#....###
.#.(....#
#.####
...####.#
#.# #### +#
#.# # #.# #
#.## # #..##
### #@..#
..+
+..g........
#.#
####...#####
# #..## #...
#.### #.#
#.# ..# #..
###


You could see a goblin.

Vanquished Creatures
  A giant cockroach (D:1)
  A ball python (D:1)
  A bat (D:1)
3 creatures vanquished.

Notes
Turn   | Place    | Note
-------+----------+-------------------------------------------
     0 | D:1      | Iusername the Minotaur Fighter began the quest for the Orb.
     0 | D:1      | Reached XP level 1. HP: 19/19 MP: 0/0
    98 | D:1      | Succumbed to a goblin's poison

Illustrated notes

Levels and vault maps discovered:
D:1:      kennysheep_arrival_forest, layout_loops_corners, serial_shops,
          nicolae_shop_trees, minmay_pentomino_r4

Action                   || total
-------------------------++-------
Melee: War axe           ||     8
       Headbutt          ||     1
Armor: Scale mail        ||     8
Dodge: Dodged            ||     4
Block: Buckler           ||     2

Table legend: (Time is in decaauts)
 A = Elapsed time spent in this place.
 B = Non-inter-level travel time spent in this place.
 C = Inter-level travel time spent in this place.
 D = Time resting spent in this place.
 E = Time spent auto-exploring this place.
 F = Levels seen in this place.
 G = Mean time per level.
                   A        B        C        D        E       F      G
               +--------+--------+--------+--------+--------+-----+--------+
         Total |    101 |    101 |      0 |      0 |     83 |   1 |  101.0 |
       Dungeon |    101 |    101 |      0 |      0 |     83 |   1 |  101.0 |
               +--------+--------+--------+--------+--------+-----+--------+

Top non-repeatable levels by time:
     D:1: 101 daAuts
